 Dungeon Sprint DCSS version 0.27.1-1-g398f81649c (webtiles) character file.

Game seed: 236311604558087636

373 ugugthedestroyer the Fighter (level 6, -4/118 HPs)
             Began as an Ogre Berserker on Sept 7, 2021.
             Was an Elder of Trog.
             Slain by a two-headed ogre (20 damage)
             ... in the Dungeon (Sprint IX: "|||||||||||||||||||||||||||||").
             The game lasted 00:01:56 (309 turns).

ugugthedestroyer the Fighter (Ogre Berserker)        Turns: 309, Time: 00:01:57

Health: -4/118     AC:  3    Str: 27    XL:     6   Next: 72%
Magic:  6/6        EV: 11    Int: 11    God:    Trog [****..]
Gold:   0          SH:  0    Dex:  8    Spells: 5/5 levels left

rFire    . . .     SeeInvis .   c - +0 giant spiked club
rCold    . . .     Faith    .   (shield currently unavailable)
rNeg     . . .     Spirit   .   b - +0 animal skin
rPois    .         Reflect  .   (helmet restricted)
rElec    .         Harm     .   (no cloak)
rCorr    .         Rampage  .   (gloves unavailable)
Will     .....     NoTele   +   (boots unavailable)
Stlth    ..........             (no amulet)
HPRegen  0.29/turn              m - +3 ring of strength
MPRegen  0.10/turn              l - +3 ring of intelligence

@: berserking, very slightly contaminated, invisible, very quick
A: large, unfitting armour, tough skin 1
a: Renounce Religion, Berserk, Trog's Hand, Brothers in Arms


You were in the Dungeon.
You worshipped Trog.
Trog was greatly pleased with you.
You visited 1 branch

Inventory:

Hand Weapons
 a - a +0 spear
 c - a +0 giant spiked club (weapon)
Armour
 b - a +0 animal skin (worn)
Jewellery
 l - a +3 ring of intelligence (right hand)
 m - a +3 ring of strength (left hand)
Wands
 k - a wand of iceblast (10)
Scrolls
 h - 2 scrolls of blinking
Potions
 e - a potion of haste
 f - 4 potions of magic
 j - 4 potions of curing


   Skills:
 + Level 10.4 Fighting
 + Level 1.1 Maces & Flails
 + Level 9.1 Polearms
 + Level 7.6 Dodging
 + Level 0.5 Stealth


You had 5 spell levels left.
You didn't know any spells.
Your spell library was empty.

Dungeon Overview and Level Annotations

Branches:
Dungeon (1/1)

Altars:
Cheibriados
Dithmenos
Elyvilon
Fedhas
Gozag
Hepliaklqana
Kikubaaqudgha
Makhleb
Nemelex Xobeh
Okawaru
Qazlal
Ru
Sif Muna
Trog
Uskayaw
Vehumet
Wu Jian
Xom
Yredelemnul
Zin
The Shining One
Beogh
Jiyva
Lugonu


Innate Abilities, Weirdness & Mutations

You are too large for most types of armour.
You have tough skin. (AC +1)


Message History

The vampire mosquito draws strength from your injuries!
The vampire mosquito closely misses you.
You barely miss the vampire mosquito.
The vampire mosquito barely misses you. x2
The vampire mosquito bites you.
The vampire mosquito draws strength from your injuries!
The vampire mosquito bites you!
The vampire mosquito draws strength from your injuries!
You barely miss the vampire mosquito. The vampire mosquito barely misses you.
The vampire mosquito bites you.
The vampire mosquito draws strength from your injuries!
The vampire mosquito barely misses you.
You closely miss the vampire mosquito. The vampire mosquito bites you.
The vampire mosquito draws strength from your injuries!
The vampire mosquito barely misses you. The vampire mosquito bites you!
* * * LOW HITPOINT WARNING * * *
The vampire mosquito draws strength from your injuries!
A red film seems to cover your vision as you go berserk!
You feel yourself moving faster!
You feel mighty!
The vampire mosquito closely misses you.
The vampire mosquito bites you.
* * * LOW HITPOINT WARNING * * *
The vampire mosquito draws strength from your injuries!
You impale the vampire mosquito!!
The vampire mosquito is severely damaged.
The vampire mosquito misses you. The vampire mosquito barely misses you.
You catch the helpless vampire mosquito completely off-guard!
You impale the vampire mosquito!!
You destroy the vampire mosquito!
Trog accepts your kill.
You can now call in reinforcements.
Your Fighting skill increases to level 10!
Your Maces & Flails skill increases to level 1!
Your Polearms skill increases to level 9!
Your Dodging skill increases to level 7!
You strike the helpless two-headed ogre from behind!
You thump the two-headed ogre!
The two-headed ogre is moderately wounded.
The two-headed ogre hits you with a +0 giant club!
* * * LOW HITPOINT WARNING * * *
The two-headed ogre hits you with a +0 giant club!!
You die... ▓▓▓▓▓▓▓▓▓▓▓▓▓▓▓▓▓▓▓▓▓▓▓▓ _______'.?).[[[.@Oz..OD. ▓▓▓▓▓▓▓▓▓▓▓▓▓▓▓▓▓▓▓▓▓▓▓▓

You could see 2 two-headed ogres, a steam dragon and a wight.

Vanquished Creatures
  A vampire mosquito (D)
  An ogre (D)
  2 phantoms (D)
  An adder (D)
  A bat skeleton (D)
  A giant cockroach (D)
  A kobold (D)
  A bat (D)
  A frilled lizard (D)
  A rat (D)
11 creatures vanquished.

Notes
Turn   | Place    | Note
-------+----------+-------------------------------------------
     0 | D        | ugugthedestroyer the Ogre Berserker began the quest for the
                  | Orb.
     0 | D        | Reached XP level 1. HP: 24/24 MP: 1/1
     7 | D        | Reached ** piety under Trog
    17 | D        | Noticed a phantom
    17 | D        | Noticed a phantom
    17 | D        | Noticed an ogre
    25 | D        | Killed a phantom
    26 | D        | Reached skill level 7 in Fighting
    26 | D        | Reached skill level 5 in Polearms
    26 | D        | Reached skill level 5 in Dodging
    26 | D        | Reached XP level 2. HP: 38/40 MP: 2/2
    26 | D        | Reached XP level 3. HP: 44/46 MP: 3/3
    26 | D        | Reached XP level 4. HP: 53/55 MP: 4/4
    33 | D        | Killed a phantom
    33 | D        | Reached *** piety under Trog
    34 | D        | Reached skill level 8 in Fighting
    34 | D        | Reached XP level 5. HP: 52/66 MP: 5/5
    38 | D        | Killed an ogre
    39 | D        | Reached skill level 9 in Fighting
    39 | D        | Reached XP level 6. HP: 26/76 MP: 6/6
    59 | D        | Found a snail-covered altar of Cheibriados.
    59 | D        | Found a shadowy altar of Dithmenos.
    59 | D        | Found a white marble altar of Elyvilon.
    59 | D        | Found a blossoming altar of Fedhas.
    59 | D        | Found an opulent altar of Gozag.
   251 | D        | Found a hazy altar of Hepliaklqana.
   252 | D        | Found a viscous altar of Jiyva.
   254 | D        | Found an ancient bone altar of Kikubaaqudgha.
   255 | D        | Found a corrupted altar of Lugonu.
   256 | D        | Found a burning altar of Makhleb.
   257 | D        | Found a sparkling altar of Nemelex Xobeh.
   258 | D        | Found an iron altar of Okawaru.
   259 | D        | Found a stormy altar of Qazlal.
   260 | D        | Found a sacrificial altar of Ru.
   261 | D        | Found a shimmering blue altar of Sif Muna.
   262 | D        | Found a bloodstained altar of Trog.
   263 | D        | Found a hide-covered altar of Uskayaw.
   264 | D        | Found a radiant altar of Vehumet.
   265 | D        | Found an ornate altar of the Wu Jian Council.
   266 | D        | Found a shimmering altar of Xom.
   267 | D        | Found a basalt altar of Yredelemnul.
   268 | D        | Found a glowing silver altar of Zin.
   269 | D        | Found a glowing golden altar of the Shining One.
   295 | D        | Noticed a vampire mosquito
   295 | D        | Noticed a two-headed ogre
   295 | D        | Noticed a vampire
   295 | D        | Noticed a steam dragon
   295 | D        | Noticed a two-headed ogre
   308 | D        | Killed a vampire mosquito
   308 | D        | Reached **** piety under Trog
   309 | D        | Reached skill level 10 in Fighting
   309 | D        | Reached skill level 1 in Maces & Flails
   309 | D        | Slain by a two-headed ogre

Illustrated notes

Levels and vault maps discovered:
D:        linesprint [early_d, line_temple, items_1, d_10, items_2, lair_1,
          lair_end, items_3, orc_1, orc_end, items_4, d_15, swamp_1, shoals_1,
          snake_1, spider_1, d_20, vaults_1, items_5, swamp_end, shoals_end,
          snake_end, spider_end, vaults_end, d_27, items_6, zot_1, zot_end,
          crypt_end, forest_end, elf_end, slime_end, tomb_end, abyss_end,
          pan_hell_end]

Skill      XL: |  1  2  3  4  5  6 |
---------------+-------------------+-----
Dodging        | 5 6 7 |  7.6
Fighting       | 7 8 9 10 | 10.4
Polearms       | 5 7 8 9 |  9.1
Maces & Flails | 1 |  1.1
Stealth        | |  0.5

Action                   |  1- 3 |  4- 6 || total
-------------------------+-------+-------++-------
Melee: Spear             |    13 |    25 ||    38
       Giant spiked club |       |    10 ||    10
Invok: Berserk           |     1 |       ||     1
  Use: Potion            |       |     6 ||     6
 Stab: Invisible         |       |     2 ||     2
Armor: Animal skin       |     6 |     8 ||    14
Dodge: Dodged            |     1 |    26 ||    27
